Map: Tryton ER

Players

kers

  • Race: Protoss Protoss
  • League: Platinum
  • Spawn Location: 11:00

Snehulko - Winner!

  • Race: Zerg Zerg
  • League: Gold
  • Spawn Location: 5:00

VOD

Have the link to the VOD?

Description

Time

  • Played on: March 3, 2020, 3:16 p.m.
  • Length: 4:04
Show
View Real Time Build Order
Export as new Build Order

kers Protoss 

Build Orders: 1 Gate Expand 

Get SALT Encoding   

  12  0:00  Probe  
  13  0:13  Probe  
  14  0:20  Pylon  
  14  0:25  Probe  
  15  0:38  Probe (Chrono Boost)  
  15  0:42  Gateway  
  16  0:49  Assimilator  
  17  0:50  Probe (Chrono Boost)  
  17  0:55  Probe (Chrono Boost)  
  18  1:04  Probe  
  19  1:17  Probe  
  20  1:29  Probe  
  21  1:33  Nexus  
  21  1:39  Pylon  
  21  1:43  Probe  
  22  1:55  Cybernetics Core  
  22  1:57  Probe  
  23  2:09  Probe  
  23  2:10  Assimilator  
  24  2:21  Probe  
  25  2:38  Robotics Facility  
  25  2:40  Probe  
  26  2:48  Probe  
  27  2:51  Zealot (Chrono Boost)  
  27  2:52  Probe  
  30  3:00  Probe  
  31  3:05  Probe  
  31  3:12  Probe  
  31  3:17  Probe  
  33  3:25  Probe  
  29  3:29  Probe  
  25  3:44  Gateway  
  25  3:47  Gateway  
  25  3:49  Gateway  
Show
View Real Time Build Order
Export as new Build Order

Snehulko Zerg - Winner!

Build Orders: Hatch First 

Get SALT Encoding   

  12  0:02  Drone  
  13  0:08  Drone  
  14  0:19  Overlord  
  14  0:24  Extractor  
  14  0:25  Drone  
  15  0:38  Drone x2  
  17  0:55  Hatchery  
  16  1:04  Extractor  
  15  1:11  Spawning Pool  
  15  1:14  Drone  
  15  1:17  Drone  
  16  1:20  Drone  
  17  1:25  Drone  
  18  1:59  Zergling x6  
  21  2:06  Queen  
  21  2:07  Queen  
  25  2:09  Drone  
  25  2:11  Metabolic Boost  
  26  2:16  Drone  
  26  2:21  Overlord  
  27  2:23  Drone  
  28  2:31  Overlord  
  28  2:41  Zergling x4  
  30  2:50  Lair  
  30  2:57  Drone x3  
  32  3:23  Zergling x10  
  32  3:24  Zergling x10  
Tags
 
Add a new tag
Caveats
  • Supply blocks, unpowered buildings, or Contaminate may cause inaccurate times.
  • Supply counts are checked every 10 seconds.